 Dungeon Crawl Stone Soup version 0.29-a0-813-g4a14ea37d6 (webtiles) character file.

Game seed: 16840473492135403082

105686 hgbash the Warrior (level 16, -5/110 HPs)
             Began as a Gargoyle Berserker on July 4, 2022.
             Was the Champion of Trog.
             Slain by an eight-headed hydra (8 damage)
             ... on level 2 of the Swamp.
             The game lasted 02:00:38 (18268 turns).

hgbash the Warrior (Gargoyle Berserker)            Turns: 18268, Time: 02:00:39

Health: -5/110     AC: 63    Str: 27    XL:     16   Next: 42%
Magic:  16/16      EV: 10    Int: 10    God:    Trog [******]
Gold:   2271       SH:  0    Dex: 15    Spells: 15/15 levels left

rFire   . . .      SeeInvis .   e - +11 morningstar of Naovith {vorpal, rN+}
rCold   + + .      Faith    .   (no shield)
rNeg    + + +      Spirit   .   n - +14 crystal plate armour "Fotwidou" {rC+ Will- Regen+}
rPois   ∞          Reflect  .   U - +2 helmet
rElec   +          Harm     .   m - +2 cloak {rC+}
rCorr   .          Rampage  .   F - +2 pair of gloves
Will    .....                   d - +2 pair of boots
Stlth   ..........              f - amulet of regeneration
HPRegen 1.88/turn               g - +6 ring of dexterity
MPRegen 0.15/turn               w - ring of positive energy

@: flying, studying Evocations
A: sickness immunity, AC +12, big wings, negative energy resistance 1,
electricity resistance, torment resistance 1, petrification resistance
a: Renounce Religion, Berserk, Trog's Hand, Brothers in Arms


You were on level 2 of the Swamp.
You worshipped Trog.
Trog was exalted by your worship.
You visited 3 branches of the dungeon, and saw 19 of its levels.
You also visited: Ice Cave.

You collected 2271 gold pieces.

Inventory:

Hand Weapons
 a - the +5 sword of Power {vorpal}
   (You found it in an ice cave)

   It inflicts extra damage upon your enemies.
   It occasionally discharges a powerful but inaccurate bolt of energy upon
   striking a foe, with increased chance the greater the wielder's current
   health.
 b - the +6 shillelagh "Devastator" {shatter}
   (You found it on level 5 of the Dungeon)

   It releases a powerful concussive burst when it strikes, dealing extra damage
   to the target and all other foes adjacent to them.
 c - a +6 great mace of flaming
 e - the +11 morningstar of Naovith (weapon) {vorpal, rN+}
   (Trog gifted it to you on level 1 of the Lair of Beasts)

   It inflicts extra damage upon your enemies.
   rN:        It protects you from negative energy.
 x - a +4 antimagic rapier
 Z - a +2 rapier of venom
Armour
 d - a +2 pair of boots (worn)
 m - a +2 cloak of cold resistance (worn)
 n - the +14 crystal plate armour "Fotwidou" (worn) {rC+ Will- Regen+}
   (You found it in an ice cave)

   rC:        It protects you from cold.
   Regen:     It increases your rate of health regeneration.
   Will:      It decreases your willpower.
 F - a +2 pair of gloves (worn)
 U - a +2 helmet (worn)
Jewellery
 f - an amulet of regeneration (around neck)
 g - a +6 ring of dexterity (left hand)
 w - a ring of positive energy (right hand)
 B - a +4 ring of evasion
 Q - the ring "Jeun" {Fire Int+6}
   (You found it in an ice cave)

   [ring of fire]

   It enhances your fire magic.
   Int:       It affects your intelligence (+6).
   rF:        It protects you from fire.
   rC:        It makes you vulnerable to cold.
Wands
 o - a wand of flame (40)
 u - a wand of digging (2)
 H - a wand of roots (14)
 J - a wand of mindburst (5)
 K - a wand of polymorph (19)
 M - a wand of charming (9)
Scrolls
 h - 3 scrolls of identify
 j - 9 scrolls of teleportation
 s - 3 scrolls of summoning
 v - a scroll of poison
 D - 5 scrolls of fog
 O - 2 scrolls of blinking
 S - 3 scrolls of fear
 V - 2 scrolls of silence
Potions
 i - a potion of haste
 k - 14 potions of curing
 l - 4 potions of invisibility
 q - 4 potions of cancellation
 t - 4 potions of heal wounds
 z - a potion of resistance
 P - 2 potions of flight
 T - a potion of ambrosia
 X - a potion of attraction
Miscellaneous
 p - a piece from Xom's chessboard (15/15)
 r - a piece from Xom's chessboard (15/15)


   Skills:
 * Level 16.1 Fighting
 - Level 11.5 Long Blades
 * Level 13.5 Maces & Flails
 + Level 13.8 Armour
 + Level 10.7 Dodging


You had 15 spell levels left.
You didn't know any spells.
Your spell library was empty.

Dungeon Overview and Level Annotations

Branches:
Dungeon (15/15)            Temple (0/1) D:4            Lair (2/6) D:10
  Swamp (2/4) Lair:2          Orc (0/2) D:10         Vaults (0/5) D:14
 Depths (0/4) D:15          IceCv (visited)
  Snake: Lair:2-4    Spider: Lair:2-4

Altars:
Dithmenos
Fedhas
Gozag
Okawaru
Qazlal
Ru
Sif Muna
Uskayaw
Wu Jian
Yredelemnul
Zin

Shops:
D:4 =*:=   D:5 =   D:11 [

Annotations:
D:9 2 transporters
Swamp:2 Louise, Roxanne


Innate Abilities, Weirdness & Mutations

You are immune to sickness and miasma.
Your stone body is resilient. (AC +12)
You are immune to poison.
Your large and strong wings let you fly.
You resist negative energy. (rN+)
You are resistant to electric shocks. (rElec)
You are resistant to unholy torment.
You are immune to petrification.


Message History

The eight-headed hydra barely misses you. x2
The eight-headed hydra bites you.
The eight-headed hydra completely misses you.
The eight-headed hydra bites you but does no damage. x2 2 foxfires come into view.
You bludgeon the will-o-the-wisp!!
You destroy the will-o-the-wisp!
Trog accepts your kill. Louise barely misses you.
The eight-headed hydra bites you but does no damage. x2
The eight-headed hydra barely misses you.
The eight-headed hydra closely misses you.
The eight-headed hydra bites you but does no damage.
The eight-headed hydra barely misses you.
The eight-headed hydra bites you but does no damage.
The eight-headed hydra bites you.
Roxanne says, "Come nearer, honey, I don't have a heart of stone."
You impale the eight-headed hydra!!
The eight-headed hydra is heavily wounded.
Louise hits you but does no damage.
The eight-headed hydra closely misses you.
The eight-headed hydra bites you but does no damage.
The eight-headed hydra completely misses you.
The eight-headed hydra bites you but does no damage. x2
The eight-headed hydra closely misses you.
The eight-headed hydra bites you but does no damage.
The eight-headed hydra misses you.
You barely miss the eight-headed hydra.
The eight-headed hydra is heavily wounded.
Louise casts a spell.
Louise blinks!
You impale the eight-headed hydra!!
The eight-headed hydra is almost dead.
Roxanne casts a spell.
The crystal spear hits you!!!
* * * LOW HITPOINT WARNING * * *
The eight-headed hydra bites you but does no damage. x3
The eight-headed hydra barely misses you.
The eight-headed hydra bites you!
You die...

♣♣♣♣ ♣♣≈≈♣♣
♣....♣ ♣♣≈.≈. ♣♣
♣.≈≈♣ ..♣
♣♣♣♣..≈♣...♣≈§
♣°....@§.8..§≈
♣♣.≈≈≈≈§D..^.≈≈
♣≈§≈≈≈≈≈.....≈≈
♣♣≈≈≈≈≈≈..≈.≈≈.
♣♣.≈≈≈...≈≈≈...
♣≈≈≈§≈≈..≈≈≈...
♣♣..§≈≈≈.[≈§§≈≈♣
♣≈.......≈§≈≈≈.♣
♣≈.≈...≈≈≈≈≈.


You could see Roxanne and an eight-headed hydra.

Vanquished Creatures
  Gastronok (D:12)
  Frances (D:13)
  A fenstrider witch (Swamp:2)
  A fire giant (D:14)
  A reaper (IceCv)
  3 eleionomae (Swamp:1)
  2 bunyips (Swamp:1)
  Josephine (D:15)
  2 fire dragons
  6 hydras
  An ice dragon (D:15)
  Erolcha (D:12)
  A catoblepas (D:13)
  6 boulder beetles
  6 centaur warriors
  2 ogre magi (D:14)
  11 alligators
  4 two-headed ogres
  2 death knights
  A tengu warrior (D:13)
  Nergalle (D:12)
  11 skeletal warriors
  Lodul (D:13)
  3 goliath frogs
  5 bog bodies
  2 phantasmal warriors (D:15)
  A wizard (D:14)
  A deep elf zephyrmancer (D:14)
  4 deep elf pyromancers
  2 oklob plants (Lair:1)
  2 will-o-the-wisps (Swamp:2)
  19 ugly things
  7 cyclopes
  3 manticores
  3 gargoyles
  An ice statue (IceCv)
  5 cane toads
  4 centaur skeletons (D:14)
  Maggie (D:8)
  2 kobold demonologists
  An unseen horror (D:12)
  7 komodo dragons
  An efreet (D:14)
  5 tengu conjurers
  2 freezing wraiths (D:15)
  8 trolls
  An anaconda simulacrum (IceCv)
  3 tyrant leeches (Swamp:1)
  A raiju (shapeshifter) (D:14)
  A blink frog (shapeshifter) (D:14)
  A slime creature (D:14)
  9 blink frogs
  A jumping spider (shapeshifter) (D:14)
  A shadow (D:10)
  4 wraiths
  16 yaks
  2 vampires
  3 dire elephant simulacra (IceCv)
  2 wyverns
  5 basilisks
  2 steam dragons
  A death yak simulacrum (IceCv)
  6 swamp worms
  A harpy simulacrum (IceCv)
  26 vampire mosquitoes
  An acid dragon (D:12)
  Edmund (D:6)
  5 water moccasins
  A floating eye (shapeshifter) (D:14)
  3 sky beasts (D:7)
  A black bear (D:5)
  9 wolves
  9 orc warriors
  9 centaurs
  A boggart (D:13)
  9 ogres
  4 phantoms
  10 kobold brigands
  8 bullfrogs
  A necrophage (D:4)
  3 cane toad simulacra (IceCv)
  9 two-headed ogre simulacra (IceCv)
  2 gnoll sergeants (D:10)
  5 wights (D:6)
  2 hornet simulacra (D:14)
  4 elephant simulacra (IceCv)
  12 killer bees
  7 electric eels
  8 howler monkeys
  3 lava snakes (Lair:1)
  9 hounds
  5 jellies
  7 orc priests
  2 iguanas
  17 orc wizards
  2 polar bear simulacra (IceCv)
  9 troll simulacra (IceCv)
  3 hell rats (Lair:1)
  5 spriggan simulacra (IceCv)
  3 wolf simulacra (IceCv)
  8 adders
  15 gnolls
  A naga simulacrum (IceCv)
  17 white imps
  8 ufetubi
  2 worms
  4 dart slugs
  55 orcs
  6 ball pythons
  4 endoplasms
  5 giant cockroaches
  8 hobgoblins
  8 jackals (D:2)
  20 kobolds
  2 quokkas
  6 bats
  6 frilled lizards
  8 goblins
  15 rats
  A spectral orc (D:8)
630 creatures vanquished.

Vanquished Creatures (collateral kills)
  4 hell rats (Lair:1)
  A frilled lizard (D:2)
5 creatures vanquished.

Vanquished Creatures (others)
  An ugly thing (D:14)
  8 foxfires (Swamp:2)
  8 fungi
  25 plants
42 creatures vanquished.

Grand Total: 677 creatures vanquished

Notes
Turn   | Place    | Note
-------+----------+-------------------------------------------
     0 | D:1      | hgbash the Gargoyle Berserker began the quest for the Orb.
     0 | D:1      | Reached XP level 1. HP: 14/14 MP: 1/1
    88 | D:1      | Found a faded altar of an unknown god.
   246 | D:1      | Reached XP level 2. HP: 13/19 MP: 2/2
   680 | D:1      | Reached ** piety under Trog
   854 | D:1      | Reached XP level 3. HP: 11/24 MP: 3/3
  1431 | D:2      | Reached XP level 4. HP: 27/29 MP: 4/4
  1735 | D:2      | Reached skill level 4 in Fighting
  2154 | D:3      | Reached *** piety under Trog
  2431 | D:3      | Reached XP level 5. HP: 33/33 MP: 5/5
  2642 | D:3      | Found a stormy altar of Qazlal.
  2905 | D:4      | Found Hiubitou's Jewellery Shoppe.
  2955 | D:4      | Noticed a phantom
  2965 | D:4      | Killed a phantom
  2966 | D:4      | Reached XP level 6. HP: 37/39 MP: 6/6
  3058 | D:4      | Found a staircase to the Ecumenical Temple.
  3087 | D:4      | Found Unateceu's Book Shoppe.
  3108 | D:4      | Found a hide-covered altar of Uskayaw.
  3189 | D:4      | Found a shadowy altar of Dithmenos.
  3199 | D:4      | Reached skill level 5 in Fighting
  3257 | D:4      | Found Deise's Jewellery Shoppe.
  3309 | D:4      | Reached XP level 7. HP: 44/44 MP: 5/7
  3658 | D:4      | Found Bepiyn's General Store.
  3811 | D:5      | Entered Level 5 of the Dungeon
  3890 | D:5      | Reached **** piety under Trog
  3932 | D:5      | Found the +6 shillelagh "Devastator" {shatter}
  4118 | D:5      | Reached skill level 5 in Maces & Flails
  4126 | D:5      | Reached skill level 5 in Armour
  4218 | D:5      | Reached XP level 8. HP: 51/51 MP: 8/8
  4257 | D:5      | Reached skill level 6 in Fighting
  4344 | D:5      | Found Suceloewk's Jewellery Emporium.
  4367 | D:5      | Found a glowing silver altar of Zin.
  4830 | D:6      | Noticed Edmund
  5223 | D:6      | Killed Edmund
  5354 | D:6      | Reached XP level 9. HP: 56/56 MP: 9/9
  5356 | D:6      | Reached skill level 7 in Fighting
  5422 | D:6      | Reached skill level 5 in Dodging
  5655 | D:7      | Reached ***** piety under Trog
  5740 | D:7      | Found a shimmering blue altar of Sif Muna.
  6060 | D:8      | Found an iron altar of Okawaru.
  6134 | D:8      | Found a basalt altar of Yredelemnul.
  6369 | D:8      | Reached skill level 8 in Fighting
  6658 | D:8      | Reached XP level 10. HP: 59/64 MP: 8/10
  6740 | D:8      | Noticed Maggie
  6746 | D:8      | Killed Maggie
  7511 | D:9      | Found a transporter.
  7512 | D:9      | Found a blossoming altar of Fedhas.
  7534 | D:9      | Found a transporter.
  7855 | D:10     | Entered Level 10 of the Dungeon
  7865 | D:10     | Found a staircase to the Lair.
  7883 | D:10     | Reached skill level 9 in Fighting
  7893 | Lair:1   | Entered Level 1 of the Lair of Beasts
  7895 | Lair:1   | Noticed a cane toad
  7905 | Lair:1   | Killed a cane toad
  8109 | D:10     | Found a staircase to the Orcish Mines.
  8378 | D:10     | Reached XP level 11. HP: 71/71 MP: 9/11
  8436 | D:10     | Noticed a skeletal warrior
  8453 | D:10     | Killed a skeletal warrior
  8455 | D:10     | Noticed a skeletal warrior
  8469 | D:10     | Noticed a skeletal warrior
  8478 | D:10     | Killed a skeletal warrior
  8479 | D:10     | Noticed a skeletal warrior
  8504 | D:10     | Noticed a skeletal warrior
  8512 | D:10     | Killed a skeletal warrior
  8513 | D:10     | Reached skill level 10 in Fighting
  8576 | D:10     | Killed a skeletal warrior
  8582 | D:10     | Killed a skeletal warrior
  8583 | D:10     | Reached skill level 10 in Armour
  8642 | D:10     | Found a sacrificial altar of Ru.
  8643 | D:10     | Found an opulent altar of Gozag.
  8820 | D:11     | Noticed a boulder beetle
  8837 | D:11     | Killed a boulder beetle
  8999 | D:11     | Noticed a boulder beetle
  9031 | D:11     | Killed a boulder beetle
  9210 | D:11     | Found a frozen archway.
  9213 | D:11     | Received a gift from Trog
  9249 | IceCv    | Entered an ice cave
  9560 | IceCv    | Identified the +14 crystal plate armour "Fotwidou" {rC+
                  | Will- Regen+}
  9698 | IceCv    | Reached skill level 10 in Maces & Flails
  9735 | IceCv    | Reached ****** piety under Trog
  9827 | IceCv    | Found the +5 sword of Power {vorpal}
  9831 | IceCv    | Noticed a reaper
  9848 | IceCv    | Reached XP level 12. HP: 44/79 MP: 12/12
  9864 | IceCv    | Killed a reaper
  9865 | IceCv    | Reached skill level 11 in Fighting
  9871 | IceCv    | Identified the ring "Jeun" {Fire Int+6}
  9945 | IceCv    | Found the +4 skin of Zhor {*Englaciate rC+++ SInv}
 10299 | D:11     | Received a gift from Trog
 10614 | D:11     | Found Wosess's Antique Armour Shop.
 10631 | D:11     | Noticed a boulder beetle
 10651 | D:11     | Killed a boulder beetle
 10783 | D:12     | Reached XP level 13. HP: 84/84 MP: 13/13
 10885 | D:12     | Noticed Erolcha
 10909 | D:12     | Killed Erolcha
 10922 | D:12     | Noticed Nergalle
 10931 | D:12     | Killed Nergalle
 11474 | D:12     | Reached skill level 12 in Fighting
 11546 | D:12     | Noticed Gastronok
 11562 | D:12     | Killed Gastronok
 11624 | D:12     | Gained mutation: Your large and strong wings let you fly.
                  | [Gargoyle growth]
 11624 | D:12     | Reached XP level 14. HP: 91/92 MP: 14/14
 12218 | D:13     | Noticed Frances
 12243 | D:13     | HP: 3/92 [something (9)]
 12250 | D:13     | Killed Frances
 12250 | D:13     | Received a gift from Trog
 12250 | D:13     | HP: 4/92 [something (6)]
 12276 | D:13     | Reached skill level 13 in Fighting
 13095 | D:14     | Reached skill level 10 in Long Blades
 13171 | D:14     | Received a gift from Trog
 13226 | D:14     | Reached skill level 14 in Fighting
 13243 | D:14     | Reached XP level 15. HP: 72/100 MP: 15/15
 13326 | D:14     | Noticed a fire giant
 13340 | D:14     | Killed a fire giant
 13690 | D:14     | Noticed Lodul
 13714 | D:13     | Killed Lodul
 13947 | D:14     | Found an ornate altar of the Wu Jian Council.
 13977 | D:14     | Reached skill level 10 in Dodging
 14182 | D:14     | Found a gate to the Vaults.
 14282 | D:15     | Entered Level 15 of the Dungeon
 14903 | D:15     | Found a staircase to the Depths.
 15060 | D:15     | Noticed Josephine
 15067 | D:15     | Killed Josephine
 15072 | D:15     | Reached skill level 15 in Fighting
 15463 | Lair:1   | Identified a scroll of acquirement
 15464 | Lair:1   | Acquired a manual of Evocations
 15599 | Lair:1   | Found a blossoming altar of Fedhas.
 16324 | Lair:1   | Upgraded the game from 0.29-a0-802-g34511f41fd to
                  | 0.29-a0-813-g4a14ea37d6
 16361 | Lair:1   | Identified the +11 morningstar of Naovith {vorpal, rN+}
                  | (Trog gifted it to you on level 1 of the Lair of Beasts)
 16361 | Lair:1   | Received a gift from Trog
 16395 | Lair:2   | Found a staircase to the Swamp.
 17366 | Swamp:1  | Entered Level 1 of the Swamp
 17391 | Swamp:1  | Reached XP level 16. HP: 90/108 MP: 16/16
 17699 | Swamp:1  | Received a gift from Trog
 17727 | Swamp:1  | Reached skill level 16 in Fighting
 18188 | Swamp:2  | Noticed a fenstrider witch
 18193 | Swamp:2  | Killed a fenstrider witch
 18225 | Swamp:2  | Identified Roxanne's Handbook of Bedrock
 18225 | Swamp:2  | Noticed Roxanne
 18244 | Swamp:2  | Noticed Louise
 18268 | Swamp:2  | HP: 3/110 [Roxanne/crystal spear (50)]
 18268 | Swamp:2  | Slain by an eight-headed hydra

Illustrated notes

Levels and vault maps discovered:
D:1:      amcnicky_arrival_flooded_fountain, layout_loops_cross, serial_glass,
          glass_columns_a, glass_columns_b, ebering_ecumenical_altar_box,
          minmay_rat_gold_closets
D:2:      layout_basic, minmay_circle_x
D:3:      layout_basic, nicolae_qazlal_eye_of_the_storm,
          kennysheep_generic_room_7
D:4:      layout_basic, lemuel_tele_altar, mainiacjoe_overflow_brackets,
          minmay_temple_entry_statues_pillars, serial_shops,
          kennysheep_little_box, nicolae_diamond_shop, shop_fountains, shop,
          minmay_bent
D:5:      layout_loops_ring, zin_treasury, serial_shops,
          nicolae_shop_temple_entry_statues_fountains
D:6:      layout_loops_cross, uniq_edmund
D:7:      layout_rooms, mainiacjoe_overflow_small_starburst
D:8:      layout_basic, mainiacjoe_overflow_cross_hatched,
          yredelemnul_forgotten_temple_becter, uniq_maggie
D:9:      layout_long_grid, gammafunk_temple_overflow_arena
D:10:     layout_roguey, nicolae_overflow_squiral, lair_entry_dummy,
          david_orc_4, lemuel_old_faithful
D:11:     layout_roguey, serial_shops, nicolae_shop_hallway_plus,
          portal_ice_cave_entry_imps
D:12:     minmay_box_of_statues, layout_loops_corners, uniq_nergalle,
          uniq_erolcha, uniq_gastronok
D:13:     layout_small_grid, kennysheep_generic_room_4, uniq_frances
D:14:     evilmike_diamond_2, layout_long_grid,
          hangedman_vaults_entry_quadrant_bands,
          nicolae_wu_jian_immortal_techniques, uniq_lodul
D:15:     grunt_enter_depths_hoard, layout_cave_pods,
          hangedman_decor_diamond_cutter, uniq_josephine
Lair:1:   layout_small_grid, hangedman_tree_tricks, wad_woods_road_03,
          nicolae_lair_liquid_snakes, infiniplex_staircase_pool_2
Lair:2:   layout_cellular_growth, skrybe_swamp_entry_bodies,
          gauntlet_entry_generic, serial_bayou_shore_a, grunt_megastairs_5
Swamp:1:  layout_falls_marsh, evilmike_swamp_ruin_house_2
Swamp:2:  layout_basic_swamp, hangedman_swamp_cone, infiniplex_staircase_pool,
          uniq_roxanne, uniq_louise, uniq_mlioglotl

Skill      XL: |  1  2  3  4  5  6  7  8  9 10 11 12 13 14 15 16 |
---------------+-------------------------------------------------+-----
Dodging        | 2 3 4 5 7 8 9 10 | 10.7
Armour         | 3 4 5 6 7 9 10 11 12 13 | 13.8
Fighting       | 4 5 6 8 9 10 11 12 14 15 16 | 16.1
Maces & Flails | 4 5 6 7 8 10 11 12 13 | 13.5
Long Blades    | 7 8 10 11 | 11.5

Action                   |  1- 3 |  4- 6 |  7- 9 | 10-12 | 13-15 | 16-18 || total
-------------------------+-------+-------+-------+-------+-------+-------++-------
Melee: Mace              |   118 |   193 |    11 |       |       |       ||   322
       Punch             |     1 |     3 |       |     6 |       |     1 ||    11
       Shillelagh        |       |       |   128 |   350 |       |       ||   478
       Great sword       |       |       |       |     5 |   422 |       ||   427
       Great mace        |       |       |       |       |   435 |       ||   435
       Morningstar       |       |       |       |       |   117 |   181 ||   298
Invok: Berserk           |       |       |       |       |     1 |       ||     1
       Trog's Hand       |       |       |       |       |     1 |       ||     1
       Brothers in Arms  |       |       |       |       |     1 |       ||     1
Evoke: Wand              |       |       |     1 |     1 |       |     1 ||     3
  Use: Scroll            |     2 |     6 |     8 |    10 |    12 |     2 ||    40
       Potion            |       |       |       |     1 |     1 |       ||     2
 Stab: Distracted        |       |       |       |       |     1 |       ||     1
Armor: Animal skin       |    51 |    23 |       |       |       |       ||    74
       Ring mail         |       |    76 |       |       |       |       ||    76
       Scale mail        |       |     9 |     3 |       |       |       ||    12
       Chain mail        |       |       |    73 |    97 |       |       ||   170
       Crystal plate arm |       |       |       |    97 |  1558 |   254 ||  1909
Dodge: Dodged            |    91 |   130 |    56 |   162 |   667 |   117 ||  1223

Table legend: (Time is in decaauts)
 A = Elapsed time spent in this place.
 B = Non-inter-level travel time spent in this place.
 C = Inter-level travel time spent in this place.
 D = Time resting spent in this place.
 E = Time spent auto-exploring this place.
 F = Levels seen in this place.
 G = Mean time per level.
                   A        B        C        D        E       F      G
               +--------+--------+--------+--------+--------+-----+--------+
         Total |  18508 |  17486 |   1022 |    390 |  11732 |  20 |  925.4 |
       Dungeon |  14589 |  13673 |    916 |    162 |   9527 |  15 |  972.6 |
          Lair |   2043 |   1992 |     51 |     28 |   1323 |   2 | 1021.5 |
         Swamp |    879 |    825 |     54 |      0 |    450 |   2 |  439.5 |
      Ice Cave |    996 |    996 |      0 |    200 |    432 |   1 |  996.0 |
               +--------+--------+--------+--------+--------+-----+--------+

Top non-repeatable levels by time:
    D:14: 1363 daAuts
    D:12: 1327 daAuts
     D:1: 1242 daAuts
     D:4: 1128 daAuts
    D:15: 1078 daAuts
    D:13: 1077 daAuts
     D:8: 1045 daAuts
  Lair:2: 1044 daAuts
     D:5: 1038 daAuts
  Lair:1: 999 daAuts
   IceCv: 996 daAuts
    D:11: 916 daAuts
    D:10: 909 daAuts
     D:2: 887 daAuts
     D:9: 758 daAuts
